 Dungeon Crawl Stone Soup version 0.29.0-11-gd7f09526c8 (webtiles) character file.

Game seed: 2750880581242288017

136 Malachi the Slasher (level 4, -3/33 HPs)
             Began as a Demonspawn Gladiator on Sept 3, 2022.
             Slain by Natasha (5 damage)
             ... on level 2 of the Dungeon.
             The game lasted 00:04:05 (3059 turns).

Malachi the Slasher (Demonspawn Gladiator)          Turns: 3059, Time: 00:04:05

Health: -3/33      AC:  5    Str: 15    XL:     4   Next: 98%
Magic:  4/4        EV: 12    Int:  9    God:
Gold:   37         SH:  0    Dex: 16    Spells: 3/3 levels left

rFire   . . .      SeeInvis .   a - +0 long sword
rCold   . . .      Faith    .   (no shield)
rNeg    . . .      Spirit   .   b - +0 leather armour
rPois   .          Reflect  .   c - +0 helmet
rElec   .          Harm     .   (no cloak)
rCorr   .          Rampage  .   i - +0 pair of gloves
Will    .....                   (no boots)
Stlth   +.........              (no amulet)
HPRegen 0.11/turn               (no ring)
MPRegen 0.09/turn               (no ring)

@: no status effects
A: hooves 1, powered by pain 1, weakness stinger 1
a: no special abilities


You were on level 2 of the Dungeon.
You visited 1 branch of the dungeon, and saw 3 of its levels.

You collected 92 gold pieces.
You spent 55 gold pieces at shops.

Inventory:

Hand Weapons
 a - a +0 long sword (weapon)
 r - a +0 great sword
Missiles
 d - 3 throwing nets (quivered)
 e - a javelin
Armour
 b - a +0 leather armour (worn)
 c - a +0 helmet (worn)
 i - a +0 pair of gloves (worn)
Scrolls
 f - a scroll of enchant weapon
 g - 2 scrolls of identify
 j - a scroll of immolation {unknown}
 k - a scroll of torment {unknown}
 n - 2 scrolls of teleportation {unknown}
 p - a scroll of summoning {unknown}
Potions
 h - a potion of brilliance {unknown}
 m - a potion of berserk rage {unknown}
 o - a potion of magic {unknown}
 q - a potion of degeneration {unknown}


   Skills:
 - Level 2.0 Fighting
 + Level 5.0 Long Blades
 - Level 1.7 Throwing
 - Level 0.7 Armour
 - Level 2.6 Dodging
 - Level 0.1 Stealth


You had 3 spell levels left.
You didn't know any spells.
Your spell library was empty.

Dungeon Overview and Level Annotations

Branches:
Dungeon (3/15)

Altars:

Shops:
D:1 =   D:2 !

Annotations:
D:2 Natasha


Innate Abilities, Weirdness & Mutations

You have large cloven feet.
You sometimes gain a little power by taking damage.
You have a small tail.


Message History

You climb downwards.
There is a stone staircase leading up here.
Unknown command.
You climb upwards.
Level annotation: Natasha Natasha mumbles some strange words.
There is a stone staircase leading down here.
Unknown command.
You are too injured to fight recklessly!
You are too injured to fight recklessly!
Natasha claws you. The shadow imp hits you.
* * * LOW HITPOINT WARNING * * *
Natasha casts a spell.
You barely miss the crimson imp. You tail-slap the crimson imp.
The crimson imp is moderately wounded.
The shadow imp hits you.
* * * LOW HITPOINT WARNING * * *
Natasha completely misses you.
The crimson imp hits you but does no damage.
You hit Natasha. You kick Natasha, but do no damage.
Natasha is moderately wounded.
The shadow imp gestures at you.
You barely resist. Natasha claws you but does no damage.
The crimson imp hits you but does no damage.
You barely miss Natasha.
Natasha is moderately wounded.
The shadow imp closely misses you. Natasha claws you.
* * * LOW HITPOINT WARNING * * *
The crimson imp blinks!
You hit Natasha but do no damage.
Natasha is moderately wounded.
The shadow imp hits you but does no damage.
Natasha claws you.
* * * LOW HITPOINT WARNING * * *
The crimson imp blinks!
You hit Natasha but do no damage.
Natasha is moderately wounded.
The shadow imp barely misses you. Natasha claws you.
You die...

#.#....# #.#.#####.##..#
#.####.# #.#.#......#..#######
#.# #.# #.#<#.###............
#.# #.# #.#.#.###.###.######.
#.####.####.#..#.##.# #.# ##.
#.............#.#...###.#####..
#................##............
#####.######...5..#..##.#......
#.# #...@.........#..###. #.#
#..§h...#..####..###. #.#
#..#...##..# #...... #.#
#.....§....# #...### #.#
#>.#######.# #...# # #.# #..#
#.# #...# # #.#####..# #.#
#...# # #........# #.####...###
#######..#######........))#


You could see Natasha and a shadow imp (summoned).

Vanquished Creatures
  Natasha (D:2)
  Robin (D:2)
  5 gnolls (D:3)
  2 worms
  A dart slug (D:2)
  2 giant cockroaches
  14 goblins
  4 hobgoblins
  2 quokkas
  3 ball pythons
  3 bats
  4 frilled lizards
  2 kobolds
  2 rats (D:2)
46 creatures vanquished.

Notes
Turn   | Place    | Note
-------+----------+-------------------------------------------
     0 | D:1      | Malachi the Demonspawn Gladiator began the quest for the
                  | Orb.
     0 | D:1      | Reached XP level 1. HP: 16/16 MP: 1/1
   142 | D:1      | Found Jegig's Jewellery Shop.
   240 | D:1      | Reached skill level 3 in Long Blades
   402 | D:1      | Discovered your monstrous ancestry.
   402 | D:1      | Gained mutation: You have large cloven feet. [demonic
                  | ancestry]
   402 | D:1      | Reached XP level 2. HP: 22/22 MP: 2/2
   425 | D:1      | Found a faded altar of an unknown god.
   943 | D:2      | Found Haraum's Distillery.
   951 | D:2      | Bought a potion of heal wounds for 55 gold pieces
  1361 | D:2      | Noticed Robin
  1381 | D:2      | Gained mutation: You have a small tail. [demonic ancestry]
  1381 | D:2      | Reached XP level 3. HP: 27/27 MP: 3/3
  1440 | D:2      | Killed Robin
  1443 | D:2      | Reached skill level 4 in Long Blades
  1793 | D:2      | Noticed Natasha
  1799 | D:2      | Killed Natasha
  1800 | D:2      | Gained mutation: You sometimes gain a little power by
                  | taking damage. [demonic ancestry]
  1800 | D:2      | Reached XP level 4. HP: 16/33 MP: 4/4
  2662 | D:3      | HP: 1/33 [worm (5)]
  2956 | D:3      | Reached skill level 5 in Long Blades
  3046 | D:2      | Noticed Natasha
  3059 | D:2      | Slain by Natasha

Illustrated notes

Levels and vault maps discovered:
D:1:      dpeg_arrival_fog, layout_loops_ring, serial_shops, shop,
          ebering_ecumenical_altar_petrified, minmay_tetromino_i2
D:2:      layout_loops_ring, serial_shops, nicolae_square_shop,
          minmay_liquid_box, uniq_natasha, uniq_robin
D:3:      minmay_wonky_spiral, layout_loops_ring,
          nicolae_overflow_ecumenical_swirl, nicolae_sif_muna_condensation,
          minivault_25, kennysheep_orc_chapel

Skill      XL: |  1  2  3  4 |
---------------+-------------+-----
Long Blades    | 3 4 5 |  5.0
Fighting       | |  2.0
Throwing       | |  1.7
Armour         | |  0.7
Dodging        | |  2.6
Stealth        | |  0.1

Action                   |  1- 3 |  4- 6 || total
-------------------------+-------+-------++-------
Melee: Long sword        |   112 |    44 ||   156
       Kick              |     8 |    18 ||    26
       Tailslap          |     1 |     2 ||     3
  Use: Scroll            |       |     1 ||     1
       Potion            |       |     1 ||     1
 Stab: Sleeping          |     2 |       ||     2
Armor: Leather armour    |    35 |     9 ||    44
Dodge: Dodged            |    67 |    37 ||   104
